 Dungeon Crawl Stone Soup version 0.30-b1-2-g02819fbbbe (webtiles) character file.

Game seed: 1802338065171074763

224 MackTheKnife the Trooper (level 5, -1/50 HPs)
             Began as a Minotaur Chaos Knight on May 10, 2023.
             Was an Initiate of Yredelemnul.
             Slain by a lemure (8 damage)
             ... led by Pikel
             ... on level 4 of the Dungeon.
             The game lasted 00:03:33 (3193 turns).

MackTheKnife the Trooper (Minotaur Chaos Knight)    Turns: 3193, Time: 00:03:34

Health: -1/50      AC:  6    Str: 16    XL:     5   Next: 67%
Magic:  1/1        EV: 11    Int:  9    God:    Yredelemnul [......]
Gold:   111        SH:  0    Dex: 12    Spells: 4/4 levels left

rFire   . . .        l - +0 hand axe (antimagic) {axe}
rCold   . . .        (no shield)
rNeg    . . .        b - +2 leather armour
rPois   .            (helmet restricted)
rElec   .            (no cloak)
rCorr   .            (no gloves)
SInv    .            n - +0 pair of boots
Will    .....        (no amulet)
Stlth   +            (no ring)
HPRegen 0.28/turn    (no ring)
MPRegen 0.07/turn

%: no passive effects
@: no status effects
A: horns 2, retaliatory headbutt
a: Renounce Religion, Recall Undead Harvest


You were on level 4 of the Dungeon.
You worshipped Yredelemnul.
Yredelemnul was noncommittal.
You visited 1 branch of the dungeon, and saw 5 of its levels.

You collected 111 gold pieces.


Innate Abilities, Weirdness & Mutations

You have a pair of horns on your head.
You reflexively headbutt those who attack you in melee.


   Skills:
 + Level 6.1 Fighting
 + Level 6.0 Axes
 - Level 2.4 Armour
 - Level 1.1 Dodging


You had 4 spell levels left.
You didn't know any spells.
Your spell library contained the following spells:

 Spells                   Type           Power      Damage    Failure   Level
 Hailstorm                Conj/Ice       0%         3d3       82%         3
 Ice Form                 Ice/Tmut       0%         N/A       99%         4
 Simulacrum               Ice/Necr       Unusable   N/A       N/A         6

Inventory:

Hand Weapons
 l - a +0 antimagic hand axe (weapon) {axe}
   (You found it on level 3 of the Dungeon)
Armour
 b - a +2 leather armour (worn)
 n - a +0 pair of boots (worn)
   (You found it on level 3 of the Dungeon)
Scrolls
 a - a scroll of magic mapping {unknown}
 e - 3 scrolls of brand weapon {unknown}
 f - a scroll of fear {unknown}
 h - a scroll of poison {unknown}
 i - 5 scrolls of identify {unknown}
 j - 3 scrolls of fog {unknown}
 m - a scroll of blinking {unknown}
 q - a scroll of enchant weapon {unknown}
Potions
 d - 2 potions of cancellation {unknown}
 g - 3 potions of heal wounds {unknown}
 k - a potion of might {unknown}
 p - 2 potions of attraction {unknown}
Miscellaneous
 c - a piece from Xom's chessboard (15/15)

Dungeon Overview and Level Annotations

Branches:
Dungeon (5/15) Zot: 26717
 Temple: D:4-7

Altars:
Qazlal
Uskayaw
Yredelemnul

Annotations:
D:4 1 runed translucent door, Pikel; funkygono's ghost, amateur MiFi

#...........### ######
#.......#+#...# #....#
...#'###.....# #...>#
...#.###.###.# #....#
...#.#โ—‹...ยฐ#.# #....#
...#.#.....#.# #....+
...#...._....####....#
...#.#.....#...5....##
...'.#ยฐ...ยง#...K@...#
...#.###.###...5....#
...#.....#..........#
...#.....#..........#
...#######..........######
....#..#####.............#
....#......#.............#
....'......#.............#
....#......#.............#


You could see Pikel and 2 lemures.


Message History

You take 3 damage, and now have 38/50 hp.
You miss the ufetubus. The ufetubus misses you. The ufetubus barely misses you.
The ufetubus hits you.
The ufetubus closely misses you. ๐Ÿ˜ฎ HP[-2]
You take 2 damage, and now have 36/50 hp.
You are too injured to fight recklessly!
You are too injured to fight recklessly!
You are too injured to fight recklessly!
You are too injured to fight recklessly!
You are too injured to fight recklessly!
You are too injured to fight recklessly!
You are too injured to fight recklessly!
You closely miss the ufetubus. The ufetubus hits you.
The ufetubus closely misses you.
You slash the ufetubus!
You kill the ufetubus!
You start resting. ๐Ÿ˜Ž HP[+14]
Your hp is fully restored (50).
There is an open door here.
j - 3 scrolls labelled QORPHE KAOXZAIH (gained 1)
You open the door.
Key pressed, stopping explore.
There is an open door here.
e - 3 scrolls labelled REAFAU HIRIGG (gained 1)
There is an open door here.
Key pressed, stopping explore.
Pikel is nearby!
Pikel is nearby!
Pikel shouts!
You hit Pikel. Pikel misses you.
You closely miss Pikel.
Pikel hits you with a +2 whip of freezing.
Pikel freezes you. ๐Ÿ˜• HP[-7]
You take 7 damage, and now have 43/50 hp.
You hit Pikel.
Pikel hits you with a +2 whip of freezing!
Pikel freezes you. ๐Ÿ˜ฎ HP[-11]
You take 11 damage, and now have 32/50 hp.
MASSIVE DAMAGE!! (PAUSE)
Okay, then.
Throw: throwing net {=f!fthrowing}
Press: ? - help, Q - select action, (/) - cycle Shift-Dir - straight line, f - Pikel
Aim: Pikel, wielding a +2 whip of freezing and wearing a +0 robe (heavily wounded, 53% to hit)
You throw a throwing net {=f!fthrowing}.
The throwing net {=f!fthrowing} hits Pikel.
Pikel is caught in the net!
Pikel says, "I'm sure the Orcish Mines are around here somewhere..."
Pikel struggles against the net. ๐Ÿ˜ฎ HP[+1] Unknown command.
The lemure shouts!
You hit Pikel.
Pikel struggles against the net.
You hit Pikel but do no damage. You headbutt Pikel, but do no damage.
Pikel struggles against the net.
You hit Pikel but do no damage. You hit the lemure but do no damage.
Pikel struggles against the net.
The net rips apart, and Pikel comes free!
The lemure hits you but does no damage.
You slash Pikel! You hit the lemure but do no damage.
Pikel hits you with a +2 whip of freezing!
Pikel freezes you.
* * * LOW HITPOINT WARNING * * *
The lemure closely misses you. You furiously retaliate!
You headbutt the lemure. ๐Ÿ˜จ HP[-9]
You take 9 damage, and now have 24/50 hp.
You barely miss Pikel. You closely miss the lemure. You slash the lemure!
The lemure hits you.
* * * LOW HITPOINT WARNING * * *
Pikel hits you with a +2 whip of freezing.
* * * LOW HITPOINT WARNING * * *
Pikel freezes you.
* * * LOW HITPOINT WARNING * * *
The lemure hits you but does no damage. ๐Ÿ˜จ HP[-9]
You take 9 damage, and now have 15/50 hp.
You hit Pikel. You hit the lemure but do no damage. You barely miss the lemure.
The lemure hits you but does no damage.
Pikel hits you with a +2 whip of freezing.
* * * LOW HITPOINT WARNING * * *
Pikel freezes you.
* * * LOW HITPOINT WARNING * * *
The lemure barely misses you. ๐Ÿ˜ฑ HP[-3]
You take 3 damage, and now have 12/50 hp.
Unknown command.
You hit Pikel. You closely miss the lemure. You miss the lemure.
The lemure hits you.
* * * LOW HITPOINT WARNING * * *
Pikel hits you with a +2 whip of freezing.
* * * LOW HITPOINT WARNING * * *
Pikel freezes you.
* * * LOW HITPOINT WARNING * * *
The lemure hits you!
You die...
Xom bursts into laughter!
Your body rises from the dead as a mindless zombie.

Skill      XL: |  1  2  3  4  5 |
---------------+----------------+-----
Fighting       | 4 5 6 |  6.1
Axes           | 4 5 6 |  6.0
Armour         | |  2.4
Dodging        | |  1.1

Action                     |  1- 3 |  4- 6 || total
---------------------------+-------+-------++-------
  Melee: Hand axe          |    84 |   115 ||   199
         Headbutt          |     5 |    19 ||    24
         Punch             |       |     2 ||     2
  Throw: Throwing net      |       |     1 ||     1
   Stab: Distracted        |       |     1 ||     1
 Armour: Leather armour    |    26 |    33 ||    59
  Dodge: Dodged            |    44 |    68 ||   112

Levels and vault maps discovered:
D:1:      evilmike_arrival_home_sweet_home, layout_basic,
          serial_co_window_serial, co_window_paths_a, co_window_paths_a,
          co_window_paths_b, co_window_paths_a, co_window_paths_a,
          co_window_of_opportunity_b, co_window_2corner, co_window_paths_c,
          co_window_2corner, co_window_broadway_b, co_window_of_opportunity_c,
          co_window_of_opportunity_b, co_window_sun, glass_columns_c,
          glass_columns_a, glass_columns_a
D:2:      layout_basic, chequers_ecumenical_altar_simple_redux, basic_altar
D:3:      layout_rooms
D:4:      layout_gridville, grunt_qazlal_clouds, hellmonk_ghost_happy_afterlife,
          nicolae_kite_square_tiling_tiny, uniq_pikel, uniq_natasha
D:5:      layout_loops_ring, gammafunk_temple_overflow_elements, corexii_shack,
          kennysheep_generic_room_3, uniq_grinder, uniq_sigmund

Notes
Turn   | Place    | Note
-------+----------+-------------------------------------------
     0 | D:1      | MackTheKnife the Minotaur Chaos Knight began the quest for
                  | the Orb.
     0 | D:1      | Reached XP level 1. HP: 19/19 MP: 0/0
     0 | D:1      | magus.rc [v1.9.6]
    41 | D:1      | XOM: divination: detect creatures
   363 | D:1      | XOM: silly message
   374 | D:1      | You pick up a book of the Tundra and begin reading...
   374 | D:1      | You add the spells Hailstorm, Ice Form and Simulacrum to
                  | your library.
   414 | D:1      | XOM: noise
   421 | D:1      | Reached skill level 4 in Fighting
   421 | D:1      | Reached skill level 4 in Axes
   421 | D:1      | Reached XP level 2. HP: 27/27 MP: 1/1
   477 | D:1      | XOM: silly message
   850 | D:1      | XOM: cloud trail
  1248 | D:2      | Found a hide-covered altar of Uskayaw.
  1248 | D:2      | XOM: silly message
  1339 | D:2      | Reached XP level 3. HP: 32/34 MP: 2/2
  1800 | D:2      | XOM: silly message
  1817 | D:2      | Found a faded altar of an unknown god.
  1852 | D:2      | Prayed at the altar of an unknown god.
  1852 | D:2      | Fell from the grace of Xom
  1852 | D:2      | Became a worshipper of Yredelemnul the Dark
  1852 | D:2      | Reached * piety under Yredelemnul
  2202 | D:3      | Reached XP level 4. HP: 41/41 MP: 1/3
  2288 | D:3      | Reached skill level 5 in Fighting
  2293 | D:3      | Reached skill level 5 in Axes
  2754 | D:4      | Found a runed translucent door.
  2764 | D:4      | Reached XP level 5. HP: 48/48 MP: 1/4
  2790 | D:4      | Noticed funkygono's ghost (amateur MiFi)
  2864 | D:4      | Noticed Pikel
  2864 | D:4      | Noticed a lemure
  2868 | D:4      | Noticed a lemure
  2875 | D:4      | Noticed a lemure
  2881 | D:4      | Noticed a lemure
  2884 | D:4      | Killed a lemure
  2911 | D:5      | Entered Level 5 of the Dungeon
  2926 | D:4      | Killed a lemure
  3032 | D:4      | Found a stormy altar of Qazlal.
  3057 | D:4      | Reached skill level 6 in Fighting
  3057 | D:4      | Reached skill level 6 in Axes
  3192 | D:4      | HP: 12/50 [Pikel/+2 whip of freezing (1)]
  3193 | D:4      | Slain by a lemure

Vanquished Creatures
  2 lemures (D:4)
  A howler monkey (D:4)
  A hound (D:4)
  An orc wizard (D:3)
  2 adders
  An ufetubus (D:4)
  2 worms
  5 dart slugs
  9 orcs
  7 bats
  9 endoplasms
  2 giant cockroaches
  5 goblins
  5 hobgoblins
  3 jackals (D:1)
  4 quokkas
  5 ball pythons
  4 frilled lizards
  6 kobolds
  5 rats
79 creatures vanquished.

Vanquished Creatures (collateral kills)
  An orc (D:4)
  2 ball pythons
3 creatures vanquished.

Vanquished Creatures (others)
  A howler monkey zombie (D:4)
  A bat zombie (D:3)
  2 goblin zombies (D:3)
  A hobgoblin zombie (D:4)
  A kobold zombie (D:3)
  2 orc zombies (D:4)
  2 quokka zombies (D:4)
10 creatures vanquished.

Grand Total: 92 creatures vanquished

Table legend:
 A = Non-vault XP
 B = Vault XP
 C = Vault XP percentage of total XP
 D = Non-vault monster count
 E = Vault monster count
 F = Vault count percentage of total count
                 A         B        C        D         E       F
            +---------+---------+-------+---------+---------+-------
      Total |     321 |       0 |   0.0 |      80 |       0 |   0.0
            +---------+---------+-------+---------+---------+-------
        D:1 |      29 |       0 |   0.0 |      13 |       0 |   0.0
        D:2 |      59 |       0 |   0.0 |      24 |       0 |   0.0
        D:3 |     107 |       0 |   0.0 |      30 |       0 |   0.0
        D:4 |     126 |       0 |   0.0 |      13 |       0 |   0.0
            +---------+---------+-------+---------+---------+-------

Skill      XL: |  1  2  3  4  5 |
---------------+----------------+-----
Fighting       | 4 5 6 |  6.1
Axes           | 4 5 6 |  6.0
Armour         | |  2.4
Dodging        | |  1.1

Action                     |  1- 3 |  4- 6 || total
---------------------------+-------+-------++-------
  Melee: Hand axe          |    84 |   115 ||   199
         Headbutt          |     5 |    19 ||    24
         Punch             |       |     2 ||     2
  Throw: Throwing net      |       |     1 ||     1
   Stab: Distracted        |       |     1 ||     1
 Armour: Leather armour    |    26 |    33 ||    59
  Dodge: Dodged            |    44 |    68 ||   112

Illustrated notes

Table legend:
 A = Kills in this place as a percentage of kills in the entire game.
 B = Kills by you in this place as a percentage of kills by you in the entire game.
 C = Kills by friends in this place as a percentage of kills by friends in the entire game.
 D = Other kills in this place as a percentage of other kills in the entire game.
 E = Experience gained in this place as a percentage of experience gained in the entire game.
 F = Experience gained in this place divided by the number of levels of this place that you have seen.
                   A       B       C       D       E      F
               +-------+-------+-------+-------+-------+----------------------
         Total | 100.0 | 100.0 | 100.0 |   N/A | 100.0 |  64.2
       Dungeon | 100.0 | 100.0 | 100.0 |   N/A | 100.0 |  64.2
               +-------+-------+-------+-------+-------+----------------------

Table legend: (Time is in decaauts)
 A = Elapsed time spent in this place.
 B = Non-inter-level travel time spent in this place.
 C = Inter-level travel time spent in this place.
 D = Time resting spent in this place.
 E = Time spent auto-exploring this place.
 F = Levels seen in this place.
 G = Mean time per level.
                   A        B        C        D        E       F      G
               +--------+--------+--------+--------+--------+-----+--------+
         Total |   3201 |   3020 |    181 |    232 |   2233 |   5 |  640.2 |
       Dungeon |   3201 |   3020 |    181 |    232 |   2233 |   5 |  640.2 |
               +--------+--------+--------+--------+--------+-----+--------+

Top non-repeatable levels by time:
     D:1: 1247 daAuts
     D:2: 910 daAuts
     D:3: 602 daAuts
     D:4: 429 daAuts
     D:5: 11 daAuts
